 Dungeon Crawl Stone Soup version 0.30-b1-2-g02819fbbbe (webtiles) character file.

Game seed: 6053808593226039136

91 Alarkh the Insei (level 4, 0/33 HPs)
             Began as a Demonspawn Warper on May 25, 2023.
             Slain by an ufetubus (2 damage)
             ... on level 5 of the Dungeon.
             The game lasted 00:03:54 (1327 turns).

Alarkh the Insei (Demonspawn Warper)                Turns: 1327, Time: 00:03:55

Health: 0/33       AC:  4    Str: 11    XL:     4   Next: 34%
Magic:  0/7        EV: 13    Int: 17    God:
Gold:   93         SH:  0    Dex: 12    Spells: 7/7 levels left

rFire   . .          .
                       - Unarmed
rCold   . . .        (no shield)
rNeg    . . .        a - +0 leather armour
rPois   .            (no helmet)
rElec   .            (no cloak)
rCorr   .            g - +0 pair of gloves
SInv    .            (no boots)
Will    .....        f - amulet of guardian spirit
Stlth   +            (no ring)
HPRegen 0.25/turn    (no ring)
MPRegen 0.10/turn

%: guardian spirit
@: no status effects
A: repulsion field 1, powered by death 1
a: no special abilities


You were on level 5 of the Dungeon.
You visited 1 branch of the dungeon, and saw 4 of its levels.

You collected 93 gold pieces.

Inventory:

Missiles
 c - 2 boomerangs of dispersal (quivered)
Armour
 a - a +0 leather armour (worn)
 g - a +0 pair of gloves (worn)
Jewellery
 f - an amulet of guardian spirit (around neck)
 i - an amulet of reflection
Scrolls
 b - a scroll of blinking
 e - a scroll of identify


   Skills:
 - Level 2.0 Fighting
 - Level 0.8 Throwing
 - Level 0.8 Armour
 - Level 1.7 Dodging
 + Level 4.2 Unarmed Combat
 - Level 2.0 Spellcasting
 - Level 2.6 Translocations


You had 7 spell levels left.
You didn't know any spells.
Your spell library contained the following spells:

 Spells                   Type           Power      Damage    Failure   Level
 Apportation              Tloc           20%        N/A       9%          1
 Blink                    Tloc           20%        N/A       13%         2
 Lesser Beckoning         Tloc           20%        N/A       13%         2
 Necrotise                Necr           4%         1d4       26%         1
 Summon Small Mammal      Summ           4%         N/A       26%         1
 Teleport Other           Tloc           10%        N/A       26%         3
 Portal Projectile        Hex/Tloc       12%        N/A       41%         3
 Vhi's Electric Charge    Tloc/Air       12%        N/A       41%         3
 Call Canine Familiar     Summ           1%         N/A       58%         3
 Manifold Assault         Tloc           10%        N/A       63%         4
 Leda's Liquefaction      Hex/Erth       0%         N/A       94%         4


Dungeon Overview and Level Annotations

Branches:
Dungeon (3/15)

Altars:
Gozag

Shops:
D:1 ?

Annotations:
D:2 Terence


Innate Abilities, Weirdness & Mutations

You are surrounded by a mild repulsion field. (EV +2)
You regenerate a little health from kills.


Message History

The ufetubus hits you but does no damage.
You hit the ufetubus but do no damage.
The ufetubus is heavily wounded.
The ufetubus hits you.
* * * LOW HITPOINT WARNING * * *
The ufetubus hits you.
* * * LOW HITPOINT WARNING * * *
You closely miss the ufetubus.
The ufetubus is heavily wounded.
The ufetubus misses you. The ufetubus completely misses you.
The ufetubus closely misses you. x2
You barely miss the ufetubus.
The ufetubus is heavily wounded.
The ufetubus barely misses you. The ufetubus closely misses you.
You miss the ufetubus.
The ufetubus is heavily wounded.
The ufetubus closely misses you. x2
You hit the ufetubus but do no damage.
The ufetubus is heavily wounded.
The ufetubus closely misses you. The ufetubus barely misses you. x2
The ufetubus hits you but does no damage.
You barely miss the ufetubus.
The ufetubus is heavily wounded.
The ufetubus barely misses you. x2
You completely miss the ufetubus.
The ufetubus is heavily wounded.
The ufetubus hits you.
* * * LOW HITPOINT WARNING * * *
The ufetubus hits you.
* * * LOW HITPOINT WARNING * * *
The ufetubus hits you but does no damage.
The ufetubus hits you.
* * * LOW HITPOINT WARNING * * *
Throw: 3 boomerangs (disperse)
Press: ? - help, Q - select action Shift-Dir - straight line, f - ufetubus
Aim: an ufetubus (heavily wounded, 38% to hit)
You throw a boomerang of dispersal.
The boomerang of dispersal misses the ufetubus.
The ufetubus hits you.
You die...

............####.#...#
...##.##....'......#
..##...##...####.#<#
.##.....##..# #.# ..
.#ยง......#..# #.# .#
....h5!.....# #.# #
##.......#..# #.#
##.....##.## #5#
##...##..# #@# ##.##
.## ### #....# #####


You could see an ufetubus.

Vanquished Creatures
  Natasha (D:2)
  2 adders
  2 worms (D:1)
  A dart slug (D:1)
  An orc (D:5)
  7 endoplasms
  3 giant cockroaches
  3 hobgoblins (D:1)
  4 quokkas (D:1)
  3 ball pythons (D:1)
  3 bats (D:1)
  3 frilled lizards
  3 goblins (D:1)
  A kobold (D:1)
  3 rats
40 creatures vanquished.

Notes
Turn   | Place    | Note
-------+----------+-------------------------------------------
     0 | D:1      | Alarkh the Demonspawn Warper began the quest for the Orb.
     0 | D:1      | Reached XP level 1. HP: 16/16 MP: 3/3
   136 | D:1      | Reached skill level 2 in Unarmed Combat
   189 | D:1      | Found Kacionn's Magic Scroll Shoppe.
   314 | D:1      | Gained mutation: You are surrounded by a mild repulsion
                  | field. (EV +2) [demonic ancestry]
   314 | D:1      | Reached XP level 2. HP: 22/22 MP: 5/5
   692 | D:1      | Reached skill level 3 in Unarmed Combat
   794 | D:2      | Noticed Natasha
   849 | D:1      | Reached XP level 3. HP: 26/27 MP: 3/6
  1012 | D:2      | Noticed Terence
  1063 | D:2      | Killed Natasha
  1064 | D:2      | Reached skill level 4 in Unarmed Combat
  1064 | D:2      | Gained mutation: You regenerate a little health from kills.
                  | [demonic ancestry]
  1064 | D:2      | Reached XP level 4. HP: 9/33 MP: 1/7
  1230 | D:3      | You fall into a shaft and drop 2 floors!
  1230 | D:5      | Entered Level 5 of the Dungeon
  1241 | D:5      | Noticed an ogre
  1293 | D:5      | Found an opulent altar of Gozag.
  1326 | D:5      | HP: 1/33 [ufetubus (3)]
  1327 | D:5      | Slain by an ufetubus

Illustrated notes

Levels and vault maps discovered:
D:1:      minmay_arrival_widening_spiral_wide, layout_basic, serial_shops,
          nicolae_shop_pleasant_corner_grove
D:2:      layout_rooms, minmay_pentomino_u2, uniq_natasha, uniq_terence
D:3:      layout_rooms, slow_altar_1, nicolae_overflow_two_pavilions,
          uniq_jessica
D:5:      layout_basic, lemuel_round_altar, uniq_sigmund, uniq_eustachio

Skill      XL: |  1  2  3 |
---------------+----------+-----
Unarmed Combat | 2 3 4 |  4.2
Fighting       | |  2.0
Throwing       | |  0.8
Armour         | |  0.8
Dodging        | |  1.7
Spellcasting   | |  2.0
Translocations | |  2.6

Action                     |  1- 3 |  4- 6 || total
---------------------------+-------+-------++-------
  Melee: Unarmed           |   160 |    40 ||   200
         Punch             |     5 |       ||     5
  Throw: Boomerang         |       |     5 ||     5
    Use: Scroll            |     1 |     1 ||     2
         Potion            |     1 |     1 ||     2
   Stab: Sleeping          |     3 |       ||     3
 Armour: Leather armour    |    48 |    16 ||    64
  Dodge: Dodged            |   125 |    47 ||   172
